 Dungeon Crawl Stone Soup version 0.26-a0-651-gb41185065b (webtiles) character file.

Game seed: 18230245550536821710

6052 Azzok the Blocker (level 10, 0/73 HPs)
             Began as a Demonspawn Fighter on Oct 18, 2020.
             Was a Priest of Cheibriados.
             Killed by divine providence
             ... invoked by a meliai
              (11 damage)
             ... on level 10 of the Dungeon.
             The game lasted 00:15:12 (8595 turns).

Azzok the Blocker (Demonspawn Fighter)              Turns: 8595, Time: 00:15:13

Health: 0/73       AC: 18    Str: 23    XL:     10   Next: 57%
Magic:  10/10      EV:  5    Int: 24    God:    Cheibriados [***...]
Gold:   496        SH: 19    Dex: 25    Spells: 9/9 levels left

rFire    + + .     SeeInvis +     - Unarmed
rCold    . . .     Faith    .   b - +0 kite shield
rNeg     . . .     Spirit   .   j - +0 plate armour
rPois    +         Reflect  +   s - +0 helmet
rElec    .         Harm     .   (no cloak)
rCorr    .         Rampage  .   (no gloves)
MR       .....                  z - +1 pair of boots
Stlth    ..........             k - amulet of reflection
HPRegen  0.22/turn              t - ring of see invisible
MPRegen  0.12/turn              q - ring of Pewici {*Contam rF++ Int+3 Dex+6}

@: lethally poisoned (0 -> -7), about to teleport, very slow
A: claws 2, slimy green scales 3, powered by death 1
a: Bend Time, Temporal Distortion, Renounce Religion


You were on level 10 of the Dungeon.
You worshipped Cheibriados.
Cheibriados was most pleased with you.
You visited 2 branches of the dungeon, and saw 11 of its levels.
You also visited: Sewer.

You collected 496 gold pieces.

Inventory:

Hand Weapons
 A - a +0 whip of electrocution
Missiles
 d - 29 boomerangs (quivered)
 p - 6 javelins
Armour
 b - a +0 kite shield (worn)
 j - a +0 plate armour (worn)
 s - a +0 helmet (worn)
 z - a +1 pair of boots (worn)
Jewellery
 k - an amulet of reflection (around neck)
 q - the ring of Pewici (right claw) {*Contam rF++ Int+3 Dex+6}
   (You found it on level 5 of the Dungeon)

   [ring of dexterity]

   It affects your intelligence (+3).
   It affects your dexterity (+6).
   It greatly protects you from fire.
   It causes magical contamination when unequipped.
 t - a ring of see invisible (left claw)
 D - an uncursed ring of protection from magic {unknown}
 H - an uncursed amulet of faith
 K - an uncursed ring of stealth
 N - an uncursed amulet of regeneration {unknown}
Wands
 c - a wand of random effects (27)
 n - a wand of digging (7)
 I - a wand of enslavement (6)
 L - a wand of acid (10)
Scrolls
 f - 3 scrolls of amnesia
 g - 5 scrolls of teleportation
 h - 3 scrolls of identify
 i - 5 scrolls of remove curse
 l - 4 scrolls of fog {unknown}
 m - 3 scrolls of magic mapping {unknown}
 v - 5 scrolls of immolation {unknown}
 x - 4 scrolls of fear {unknown}
 y - 3 scrolls of blinking {unknown}
 E - a scroll of summoning {unknown}
 G - a scroll of vulnerability {unknown}
 J - a scroll of enchant armour {unknown}
 O - a scroll of random uselessness {unknown}
 P - a scroll of noise {unknown}
Potions
 a - 4 potions of stabbing
 e - 2 potions of heal wounds
 o - 2 potions of cancellation {unknown}
 r - 2 potions of degeneration {unknown}
 u - 4 potions of haste {unknown}
 w - a potion of mutation {unknown}
 B - 5 potions of brilliance {unknown}
 C - 4 potions of magic
 F - a potion of curing {unknown}
 M - a potion of flight {unknown}


   Skills:
 - Level 4.6 Fighting
 - Level 2.6 Armour
 + Level 10.7 Shields
 + Level 10.0 Unarmed Combat


You had 9 spell levels left.
You didn't know any spells.
Your spell library contained the following spells:

 Spells                   Type           Power        Failure   Level
 Bolt of Magma            Conj/Fire/Erth #.........   100%        5
 Iskenderun's Battlesphe  Conj           #.......     100%        5
 Iron Shot                Conj/Erth      #.........   100%        6
 Orb of Destruction       Conj           #.........   100%        7
 Spellforged Servitor     Conj/Summ      #.........   100%        7


Dungeon Overview and Level Annotations

Branches:
Dungeon (10/15)            Temple (1/1) D:7            Lair (0/6) D:8
  Sewer (visited)
    Orc: D:9-12

Altars:
Ashenzari
Cheibriados
Fedhas
Hepliaklqana
Okawaru
Qazlal
Sif Muna
Trog
Uskayaw
Wu Jian
Xom
Yredelemnul
The Shining One

Shops:
D:8 =


Innate Abilities, Weirdness & Mutations

You have very sharp fingernails.
You are completely covered in slimy green scales. (AC +4, rPois)
You regenerate a little health from kills.


Message History

You block the meliai's attack. x2
You feel much better.
You feel sick. The meliai barely misses you. You block the meliai's attack. x2
The meliai stings you but does no damage.
The meliai hits you but does no damage.
The meliai stings you but does no damage.
The meliai hits you but does no damage.
The meliai stings you but does no damage.
The meliai calls down the wrath of its god upon you.
Something smites you!
* * * LOW HITPOINT WARNING * * *
You block the meliai's attack. x2
As you read the scroll of teleportation, it crumbles to dust.
You feel strangely unstable.
You feel sick. The meliai hits you with a +0 hand axe.
* * * LOW HITPOINT WARNING * * *
You block the meliai's attack.
The meliai mumbles some strange prayers to its god against you.
Something smites you!
You die...

▒·'······[[··
▒·······>▒▒·▒··········
▒········▒▒·▒<······)··
▒········▒▒·▒··········
▒·······<▒··▒·)········
▒········▒·▒▒··········
▒········▒·▒▒··········
▒········▒·▒▒··········
▒····y@··'·▒▒▒▒▒▒▒▒▒▒╬▒
▒····yy··▒▒▒ ▒▒▒▒'▒▒▒▒▒
▒··▒ ▒'▒▒ ··· ···(·
······· ▒··)·····


You could see 3 meliai.

Vanquished Creatures
  Harold (D:7)
  Joseph (D:8)
  A komodo dragon (D:8)
  A hornet (D:9)
  A vampire (D:9)
  2 wyverns
  2 water moccasins
  4 orc warriors
  A hornet zombie (D:8)
  2 ice beasts (D:5)
  A sky beast (D:9)
  A black bear (D:8)
  A necrophage (D:7)
  A phantom (D:6)
  4 ogres
  A centaur (D:8)
  A big kobold (D:7)
  7 bullfrogs
  2 wyvern skeletons
  6 killer bees (D:9)
  4 howler monkeys
  A bullfrog zombie (D:8)
  3 centaur zombies
  2 hounds
  A jelly (D:6)
  A quasit (D:9)
  5 orc priests
  2 bullfrog skeletons
  A centaur skeleton (D:5)
  7 orc wizards
  2 iguanas
  7 worker ants
  2 hound zombies
  3 hound skeletons
  A howler monkey skeleton (D:5)
  7 gnolls
  4 river rats (Sewer)
  12 adders
  3 shadow imps
  2 white imps
  2 ufetubi
  2 oozes
  3 adder skeletons
  3 adder zombies
  2 worms
  A dart slug (D:5)
  6 leopard geckos
  43 orcs
  13 ball pythons
  11 bats
  9 giant cockroaches
  2 gnoll zombies (D:7)
  16 goblins
  8 hobgoblins
  4 quokkas
  5 frilled lizards
  A giant cockroach zombie (D:6)
  A jackal skeleton (D:4)
  14 kobolds
  A quokka zombie (D:5)
  28 rats
286 creatures vanquished.

Vanquished Creatures (others)
  31 plants (D:8)
31 creatures vanquished.

Grand Total: 317 creatures vanquished

Notes
Turn   | Place    | Note
-------+----------+-------------------------------------------
     0 | D:1      | Azzok the Demonspawn Fighter began the quest for the Orb.
     0 | D:1      | Reached XP level 1. HP: 18/18 MP: 1/1
   256 | D:1      | Gained mutation: You are partially covered in slimy green
                  | scales. (AC +2) [demonic ancestry]
   256 | D:1      | Reached XP level 2. HP: 21/24 MP: 2/2
   723 | D:2      | Reached XP level 3. HP: 28/29 MP: 3/3
  1199 | D:2      | Found a faded altar of an unknown god.
  1247 | D:2      | Found a blossoming altar of Fedhas.
  1709 | D:2      | Reached XP level 4. HP: 30/37 MP: 4/4
  2465 | D:3      | Gained mutation: You have sharp fingernails. [demonic
                  | ancestry]
  2465 | D:3      | Reached XP level 5. HP: 43/43 MP: 5/5
  3098 | D:4      | Found a glowing drain.
  3103 | Sewer    | Entered a sewer
  3167 | Sewer    | Gained mutation: You are mostly covered in slimy green
                  | scales. (AC +3) [demonic ancestry]
  3167 | Sewer    | Reached XP level 6. HP: 44/49 MP: 6/6
  3493 | Sewer    | Reached skill level 5 in Shields
  3628 | D:5      | Entered Level 5 of the Dungeon
  3634 | D:5      | Gained mutation: You have very sharp fingernails. [demonic
                  | ancestry]
  3634 | D:5      | Reached XP level 7. HP: 55/55 MP: 7/7
  4203 | D:5      | Found a shimmering blue altar of Sif Muna.
  4300 | D:5      | Got a scorched tin ring
  4390 | D:5      | Reached skill level 5 in Unarmed Combat
  4462 | D:5      | Identified the ring of Pewici {*Contam rF++ Int+3 Dex+6}
                  | (You found it on level 5 of the Dungeon)
  4675 | D:6      | Gained mutation: You regenerate a little health from kills.
                  | [demonic ancestry]
  4675 | D:6      | Reached XP level 8. HP: 61/61 MP: 8/8
  5213 | D:7      | Found a stormy altar of Qazlal.
  5241 | D:7      | Found a basalt altar of Yredelemnul.
  5290 | D:7      | Found a staircase to the Ecumenical Temple.
  5560 | D:7      | Noticed Harold
  5588 | D:7      | Killed Harold
  5588 | D:7      | Reached XP level 9. HP: 39/66 MP: 9/9
  5829 | Temple   | Entered the Ecumenical Temple
  5840 | Temple   | Became a worshipper of Cheibriados the Contemplative
  5970 | D:8      | Noticed Joseph
  6032 | D:8      | Killed Joseph
  6092 | D:8      | Found Jaar's Jewellery Boutique.
  6386 | D:8      | Noticed a komodo dragon
  6416 | D:8      | Killed a komodo dragon
  6644 | D:8      | Reached * piety under Cheibriados
  6644 | D:8      | Gained mutation: You are completely covered in slimy green
                  | scales. (AC +4, rPois) [demonic ancestry]
  6644 | D:8      | Reached XP level 10. HP: 46/73 MP: 10/10
  6844 | D:8      | Found a staircase to the Lair.
  6931 | D:9      | Reached skill level 10 in Shields
  7244 | D:9      | Reached ** piety under Cheibriados
  8023 | D:9      | Reached *** piety under Cheibriados
  8023 | D:9      | Reached skill level 10 in Unarmed Combat
  8340 | D:10     | Entered Level 10 of the Dungeon
  8595 | D:10     | Killed from afar by a meliai

Illustrated notes

Levels and vault maps discovered:
D:1:      tarquinn_simple_flora_water_b, layout_rooms
D:2:      layout_basic, chequers_ecumenical_altar_grove, minmay_misc_feat_rows,
          fedhas_altar_4
D:3:      layout_loops_ring
D:4:      layout_basic, portal_sewer_entry_e
D:5:      layout_basic, basic_altar
D:6:      layout_loops_cross
D:7:      layout_cave_pools, lemuel_zombie_altar_yredelemnul,
          minmay_temple_entry_grid, basic_altar, uniq_harold
D:8:      layout_rooms, david_lair_shrubbed, serial_shops, nicolae_shop_crystal,
          uniq_joseph
D:9:      layout_basic, zaba_anthole
D:10:     layout_roguey
Temple:   compressed_dpeg_triangle_lava_temple

Skill      XL: |  1  2  3  4  5  6  7  8  9 10 |
---------------+-------------------------------+-----
Shields        | 3 4 5 6 8 9 10 | 10.7
Fighting       | 4 |  4.6
Unarmed Combat | 2 3 5 7 9 10 | 10.0
Armour         | |  2.6

Action                   |  1- 3 |  4- 6 |  7- 9 | 10-12 || total
-------------------------+-------+-------+-------+-------++-------
Melee: Unarmed           |   272 |    95 |   384 |   235 ||   986
       Hand axe          |       |   141 |    15 |       ||   156
Throw: Boomerang         |       |    13 |       |       ||    13
  Use: Potion            |       |     1 |       |     5 ||     6
       Scroll            |       |       |     8 |     2 ||    10
 Stab: Held in net/web   |       |       |       |     1 ||     1
Armor: Scale mail        |    39 |       |       |       ||    39
       Plate armour      |   119 |   164 |   130 |   136 ||   549
Dodge: Dodged            |    32 |    30 |    29 |    44 ||   135
Block: Kite shield       |   208 |   218 |   278 |   272 ||   976
       Reflection        |       |    11 |    17 |    15 ||    43

Table legend: (Time is in decaauts)
 A = Elapsed time spent in this place.
 B = Non-inter-level travel time spent in this place.
 C = Inter-level travel time spent in this place.
 D = Time resting spent in this place.
 E = Time spent auto-exploring this place.
 F = Levels seen in this place.
 G = Mean time per level.
                   A        B        C        D        E       F      G
               +--------+--------+--------+--------+--------+-----+--------+
         Total |   9290 |   9066 |    224 |   1292 |   5409 |  12 |  774.2 |
       Dungeon |   8774 |   8561 |    213 |   1277 |   5156 |  10 |  877.4 |
        Temple |     22 |     11 |     11 |      0 |      1 |   1 |   22.0 |
         Sewer |    493 |    493 |      0 |     15 |    251 |   1 |  493.0 |
               +--------+--------+--------+--------+--------+-----+--------+

Top non-repeatable levels by time:
     D:9: 2106 daAuts
     D:2: 1125 daAuts
     D:8: 1087 daAuts
     D:3: 983 daAuts
     D:5: 853 daAuts
     D:7: 735 daAuts
     D:6: 667 daAuts
     D:1: 628 daAuts
     D:4: 508 daAuts
   Sewer: 493 daAuts
    D:10: 77 daAuts
  Temple: 22 daAuts
